 Dungeon Crawl Stone Soup version 0.29-a0-380-gf50f0a9fbc (webtiles) character file.

Game seed: 17834825736574641784

4538 BigDaddyOpFi the Cleaver (level 10, -3/90 HPs)
             Began as a Hill Orc Monk on May 3, 2022.
             Was a Priest of Beogh.
             Slain by a wyvern (13 damage)
             ... on level 9 of the Dungeon on May 5, 2022.
             The game lasted 00:14:06 (12869 turns).

BigDaddyOpFi the Cleaver (Hill Orc Monk)           Turns: 12869, Time: 00:14:07

Health: -3/90      AC: 15    Str: 25    XL:     10   Next: 40%
Magic:  10/10      EV:  8    Int: 13    God:    Beogh [***...]
Gold:   411        SH: 11    Dex: 17    Spells: 9/9 levels left

rFire   . . .      SeeInvis .   j - +0 war axe
rCold   . . .      Faith    .   d - +0 kite shield of Omission {Int+3 Dex+4}
rNeg    . . .      Spirit   .   B - +0 plate armour
rPois   .          Reflect  .   (no helmet)
rElec   .          Harm     .   (no cloak)
rCorr   +          Rampage  .   m - +0 pair of gloves
Will    .....                   i - +0 pair of boots
Stlth   ..........              (no amulet)
HPRegen 0.25/turn               h - ring of resist corrosion
MPRegen 0.12/turn               k - +6 ring of strength

@: no status effects
A: no striking features
a: Renounce Religion, Smiting


You were on level 9 of the Dungeon.
You worshipped Beogh.
Beogh was most pleased with you.
You visited 1 branch of the dungeon, and saw 9 of its levels.

You collected 411 gold pieces.

Inventory:

Hand Weapons
 j - a +0 war axe (weapon)
Armour
 d - the +0 kite shield of Omission (worn) {Int+3 Dex+4}
   (You acquired it on level 4 of the Dungeon)

   Int:       It affects your intelligence (+3).
   Dex:       It affects your dexterity (+4).
 i - a +0 pair of boots (worn)
 m - a +0 pair of gloves (worn)
 B - a +0 plate armour (worn)
Jewellery
 h - a ring of resist corrosion (left hand)
 k - a +6 ring of strength (right hand)
 q - a ring of flight
 y - a ring of positive energy
 z - a ring of see invisible
 D - a ring of protection from cold
Wands
 f - a wand of iceblast (7) (quivered)
 g - a wand of digging (8)
Scrolls
 a - 2 scrolls of amnesia
 l - a scroll of silence
 p - 2 scrolls of noise
 r - 4 scrolls of teleportation
 t - a scroll of fog {unknown}
 u - a scroll of torment
 v - 2 scrolls of immolation
 w - 2 scrolls of fear
 A - a scroll of identify
Potions
 b - a potion of heal wounds
 c - a potion of ambrosia
 e - a potion of degeneration
 n - a potion of might
 o - 4 potions of curing
 s - 3 potions of flight
 x - 2 potions of attraction
 C - a potion of brilliance {unknown}


   Skills:
 + Level 8.5 Fighting
 + Level 9.1 Axes
 + Level 6.8 Armour
 + Level 5.8 Dodging
 - Level 1.5 Stealth
 * Level 8.5 Shields


You had 9 spell levels left.
You didn't know any spells.
Your spell library contained the following spells:

 Spells                   Type           Power      Damage    Failure   Level
 Blink                    Tloc           0%         N/A       100%        2
 Manifold Assault         Tloc           0%         N/A       100%        5
 Summon Forest            Summ/Tloc      0%         N/A       100%        5
 Eringya's Noxious Bog    Tmut/Pois      0%         N/A       100%        6
 Storm Form               Tmut/Air       0%         N/A       100%        7
 Summon Hydra             Summ           0%         N/A       100%        7


Dungeon Overview and Level Annotations

Branches:
Dungeon (9/15)             Temple (0/1) D:5            Lair (0/6) D:8
    Orc: D:9-12

Altars:
Dithmenos
Elyvilon
Okawaru
Wu Jian
Yredelemnul

Shops:
D:2 :   D:8 ?


Message History

You closely miss the gnoll shaman.
The gnoll shaman is lightly wounded.
You closely miss the wyvern. The wyvern bites you.
The gnoll hits you but does no damage. You block the gnoll shaman's attack.
The wyvern bites you but does no damage.
The troll bites you but does no damage. You block the troll's attack.
The troll claws you but does no damage. The gnoll barely misses you.
The gnoll shaman barely misses you.
You barely miss the troll. You hit the gnoll shaman.
You hit the wyvern but do no damage. The wyvern bites you.
The wyvern bites you but does no damage.
You block the troll's attack. The troll barely misses you.
The troll claws you but does no damage. You block the gnoll shaman's attack.
The gnoll hits you but does no damage.
Unknown command.
You slash the troll!
The troll is moderately wounded.
You hit the wyvern but do no damage. You slash the gnoll shaman!
The wyvern bites you but does no damage.
You block the gnoll's attack.
The gnoll shaman hits you with a +0 whip!
The troll bites you. You block the troll's attack. The troll claws you.
The wyvern hisses menacingly.
The wyvern bites you.
You slash the troll!
The troll is severely wounded.
You hit the gnoll shaman.
You kill the gnoll shaman!
Beogh accepts your kill.
Beogh appreciates your killing of a heretic priest.
You hit the wyvern. The wyvern bites you!
* * * LOW HITPOINT WARNING * * *
The gnoll hits you from afar with a +0 spear.
* * * LOW HITPOINT WARNING * * *
The troll bites you but does no damage. The troll claws you.
* * * LOW HITPOINT WARNING * * *
The troll claws you!
* * * LOW HITPOINT WARNING * * *
The wyvern bites you!
You die...

...............
...$....(.......
................
....:...........
................
..........)....>
..8.8.8.8g...#
.......)l....#
......T@)....#
...#.####......#
# .......
####... .. .


You could see a troll, a wyvern and a gnoll.

Vanquished Creatures
  A two-headed ogre (D:7)
  Joseph (D:8)
  A steam dragon (D:7)
  A water moccasin (D:7)
  3 orc warriors
  An ice beast (D:7)
  2 black bears
  A sky beast (D:8)
  An ogre (D:6)
  A centaur (D:8)
  3 phantoms
  A kobold brigand (D:8)
  7 bullfrogs
  3 necrophages
  2 scorpions
  3 wights (D:7)
  A gnoll sergeant (D:7)
  5 killer bees (D:8)
  2 howler monkeys
  An electric eel (D:6)
  5 hounds
  4 jellies
  A gnoll shaman (D:9)
  4 orc priests
  Natasha (thrice) (D:4)
  4 iguanas
  6 orc wizards
  10 gnolls
  9 adders
  A shadow imp (D:4)
  A white imp (D:5)
  6 worms
  7 dart slugs
  27 orcs
  4 bats
  7 endoplasms
  2 giant cockroaches
  6 goblins
  6 hobgoblins
  4 jackals (D:2)
  10 kobolds
  9 ball pythons
  5 frilled lizards
  9 rats
191 creatures vanquished.

Vanquished Creatures (collateral kills)
  An orc wizard (D:8)
  An orc (D:7)
2 creatures vanquished.

Vanquished Creatures (others)
  An orc warrior (D:8)
  2 orcs (D:7)
  A ball python (D:4)
4 creatures vanquished.

Grand Total: 197 creatures vanquished

Notes
Turn   | Place    | Note
-------+----------+-------------------------------------------
     0 | D:1      | BigDaddyOpFi the Hill Orc Monk began the quest for the Orb.
     0 | D:1      | Reached XP level 1. HP: 19/19 MP: 1/1
   134 | D:1      | Reached XP level 2. HP: 27/27 MP: 2/2
   161 | D:1      | Found a faded altar of an unknown god.
   240 | D:1      | Reached skill level 1 in Armour
   243 | D:1      | Reached XP level 3. HP: 15/33 MP: 3/3
  1121 | D:2      | Reached XP level 4. HP: 31/40 MP: 4/4
  1635 | D:2      | Found Ytour's Book Shoppe.
  1848 | D:2      | Reached skill level 5 in Axes
  1848 | D:2      | Reached XP level 5. HP: 34/47 MP: 5/5
  3223 | D:4      | Reached XP level 6. HP: 37/55 MP: 6/6
  3296 | D:4      | Reached skill level 5 in Fighting
  3347 | D:4      | Found a white marble altar of Elyvilon.
  3358 | D:4      | Became a worshipper of Beogh the Brigand
  3358 | D:4      | Reached * piety under Beogh
  3358 | D:4      | Reached ** piety under Beogh
  3477 | D:4      | Noticed Natasha
  3490 | D:4      | Killed Natasha
  3526 | D:4      | Identified a scroll of acquirement
  3526 | D:4      | Acquired the +0 kite shield of Omission {Int+3 Dex+4}
  3704 | D:4      | Noticed Natasha
  3717 | D:4      | Killed Natasha
  3719 | D:4      | Noticed Natasha
  3724 | D:4      | Killed Natasha
  3856 | D:4      | Reached skill level 1 in Shields
  3904 | D:4      | Reached skill level 6 in Axes
  3904 | D:4      | Reached XP level 7. HP: 47/61 MP: 7/7
  4587 | D:5      | Entered Level 5 of the Dungeon
  5324 | D:5      | Reached XP level 8. HP: 11/70 MP: 1/8
  5959 | D:5      | Found a staircase to the Ecumenical Temple.
  6154 | D:5      | Upgraded the game from 0.29-a0-375-g5102b3be25 to
                  | 0.29-a0-378-gc08b2e8bf8
  7455 | D:6      | Found a large runed translucent door.
  7456 | D:6      | Found a large runed translucent door.
  7602 | D:6      | Reached skill level 7 in Axes
  7800 | D:6      | Reached skill level 5 in Shields
  7906 | D:6      | Found a shadowy altar of Dithmenos.
  8178 | D:6      | Found an iron altar of Okawaru.
  8208 | D:6      | Reached skill level 5 in Armour
  8476 | D:6      | Reached XP level 9. HP: 59/78 MP: 9/9
  8737 | D:6      | Found an ornate altar of the Wu Jian Council.
  8760 | D:6      | Found a basalt altar of Yredelemnul.
  8765 | D:6      | Upgraded the game from 0.29-a0-378-gc08b2e8bf8 to
                  | 0.29-a0-380-gf50f0a9fbc
  8927 | D:7      | Noticed a two-headed ogre
  8940 | D:7      | Killed a two-headed ogre
  8941 | D:7      | Reached skill level 8 in Axes
  8941 | D:7      | Reached skill level 5 in Dodging
 10144 | D:7      | Reached *** piety under Beogh
 10430 | D:7      | Reached XP level 10. HP: 74/88 MP: 10/10
 11564 | D:8      | Found a staircase to the Lair.
 11715 | D:8      | Found Fawil's Magic Scroll Emporium.
 11736 | D:8      | Reached skill level 9 in Axes
 12111 | D:8      | Noticed Joseph
 12138 | D:8      | Killed Joseph
 12869 | D:9      | Slain by a wyvern

Illustrated notes

Levels and vault maps discovered:
D:1:      psy_arrival_statuary, layout_basic, basic_ecumenical_altar,
          ebering_dispersal_statue_hall
D:2:      layout_loops_ring, serial_shops, nicolae_shop_stone,
          chequers_hall_statues_corner_a
D:3:      layout_loops_ring
D:4:      minmay_chambers_of_twos, layout_rooms, lemuel_round_altar,
          uniq_natasha
D:5:      layout_basic, temple_green
D:6:      layout_basic, kennysheep_little_box,
          nicolae_dithmenos_through_a_glass_darkly, jmf_multi_god_temple2,
          palyth_stone_intersect, minivault_14
D:7:      layout_gridville
D:8:      layout_basic, dpeg_oklobed_lair, serial_shops, shop_fountains,
          lemuel_old_faithful, uniq_joseph
D:9:      layout_cave_pools, nicolae_overflow_crystal_walls,
          mainiacjoe_overflow_tiny_flanked, serial_column_ruins,
          column_ruins_circle_medium, column_ruins_grid_1,
          column_ruins_open_small, column_ruins_grid_2, column_ruins_columns_T,
          column_ruins_corridor_dead_end, grunt_ministairs_1,
          roderic_roman_lattice, uniq_psyche, uniq_maggie

Skill      XL: |  1  2  3  4  5  6  7  8  9 10 |
---------------+-------------------------------+-----
Fighting       | 4 5 6 8 |  8.5
Armour         | 1 2 3 4 5 6 |  6.8
Dodging        | 3 4 5 |  5.8
Axes           | 5 6 7 8 9 |  9.1
Shields        | 1 3 5 7 8 |  8.5
Stealth        | |  1.5

Action                   |  1- 3 |  4- 6 |  7- 9 | 10-12 || total
-------------------------+-------+-------+-------+-------++-------
Melee: Hand axe          |   109 |   232 |   439 |       ||   780
       Punch             |     1 |     1 |       |       ||     2
       War axe           |       |       |    33 |   123 ||   156
Invok: Convert to Beogh  |       |     1 |       |       ||     1
       Smiting           |       |       |     4 |       ||     4
Evoke: Wand              |       |       |       |     1 ||     1
  Use: Scroll            |       |    11 |    10 |       ||    21
       Potion            |       |       |     1 |     1 ||     2
 Stab: Sleeping          |     6 |       |       |       ||     6
Armor: Robe              |    22 |       |       |       ||    22
       Chain mail        |    10 |   125 |   210 |       ||   345
       Plate armour      |       |       |    18 |    81 ||    99
       Scale mail        |       |       |     9 |       ||     9
Dodge: Dodged            |    61 |    95 |   157 |    49 ||   362
Block: Kite shield       |       |     9 |   236 |    91 ||   336

Table legend: (Time is in decaauts)
 A = Elapsed time spent in this place.
 B = Non-inter-level travel time spent in this place.
 C = Inter-level travel time spent in this place.
 D = Time resting spent in this place.
 E = Time spent auto-exploring this place.
 F = Levels seen in this place.
 G = Mean time per level.
                   A        B        C        D        E       F      G
               +--------+--------+--------+--------+--------+-----+--------+
         Total |  12978 |  12783 |    195 |   4060 |   6825 |   9 | 1442.0 |
       Dungeon |  12978 |  12783 |    195 |   4060 |   6825 |   9 | 1442.0 |
               +--------+--------+--------+--------+--------+-----+--------+

Top non-repeatable levels by time:
     D:8: 2233 daAuts
     D:4: 1991 daAuts
     D:5: 1965 daAuts
     D:7: 1820 daAuts
     D:6: 1734 daAuts
     D:2: 1314 daAuts
     D:1: 988 daAuts
     D:3: 908 daAuts
     D:9: 21 daAuts
